 Dungeon Crawl Stone Soup version 0.17-a0-1767-gccbed74 (webtiles) character file.

329 TruthSerum the Cudgeler (level 6, -2/100 HPs)
             Began as an Ogre Berserker on Sept 6, 2015.
             Was a Priest of Trog.
             Slain by a mummy (7 damage)
             ... in an ossuary.
             The game lasted 00:11:28 (2962 turns).

TruthSerum the Cudgeler (Ogre Berserker)            Turns: 2962, Time: 00:11:28

Health: -2/100     AC:  6    Str: 28    XL:     6   Next: 50%
Magic:  6/6        EV: 10    Int:  8    God:    Trog [***...]
Gold:   187        SH:  0    Dex:  9    Spells: 0 memorised, 5 levels left

rFire  . . .     SeeInvis .     h - +0 whip (venom)
rCold  . . .     Clarity  .     a - +2 robe
rNeg   . . .     SustAt   .     (no shield)
rPois  .         Gourm    .     n - +1 hat
rElec  .         Spirit   .     (no cloak)
rCorr  +         Warding  .     (gloves unavailable)
rMut   .         Stasis   .     (boots unavailable)
MR     +....                    j - amulet of resist corrosion
Stlth  ..........               (no ring)
                                l - ring of protection from magic

@: berserking (expiring), very quick, somewhat resistant to hostile
enchantments, extremely unstealthy
A: unfitting armour, tough skin 1
a: Burn Spellbooks, Berserk, Trog's Hand, Renounce Religion


You were in an ossuary.
You worshipped Trog.
Trog was most pleased with you.
You were hungry.

You visited 1 branch of the dungeon, and saw 4 of its levels.
You also visited: Ossuary.

You collected 187 gold pieces.

Inventory:

Hand weapons
 h - a +0 whip of venom (weapon)
Missiles
 i - 108 stones (quivered)
Armour
 a - a +2 robe (worn)
 n - a +1 hat (worn)
Jewellery
 g - an uncursed amulet of regeneration
 j - an amulet of resist corrosion (around neck)
 l - a ring of protection from magic (left hand)
Scrolls
 d - 2 scrolls of remove curse
Potions
 b - 2 potions of heal wounds {unknown}
 e - a potion of degeneration {unknown}
 o - a potion of berserk rage {unknown}
 p - a potion of cancellation {unknown}
 r - a potion of poison {unknown}
Comestibles
 c - a bread ration
 k - 3 meat rations
 m - a slice of pizza


   Skills:
 + Level 5.7 Fighting
 * Level 7.1 Maces & Flails
 + Level 2.8 Throwing
 - Level 3.1 Dodging


You had 5 spell levels left.
You didn't know any spells.

Dungeon Overview and Level Annotations

Branches:
Dungeon (4/15)
 Temple: D:4-7

Altars:
Ashenzari
Makhleb
Vehumet


Innate Abilities, Weirdness & Mutations

You are too large for most types of armour.
You have tough skin (AC +1).


Message History

Use which ability?
A red film seems to cover your vision as you go berserk!
You feel yourself moving faster!
You feel mighty!
You feel somewhat more hungry. The mummy hits you!
* * * LOW HITPOINT WARNING * * *
The mummy hits you!
* * * LOW HITPOINT WARNING * * *
You are too injured to fight recklessly!
You hit the mummy.
The mummy is almost destroyed.
The mummy completely misses you.
You completely miss the mummy.
The mummy is almost destroyed.
You hit the mummy.
You destroy the mummy!
The mummy misses you.
You whack the mummy!
The mummy is heavily damaged.
The mummy hits you!
You die...

####
#..######
##@.....#
#MM.∩.∩.+
##......#
#..######
####


You could see 2 mummies.

Vanquished Creatures
  The ghost of CuntPokingMan the Ruffian, an average MiMo (D:3)
  A giant frog (D:3)
  A crimson imp (D:3)
  A hound zombie (D:3)
  2 mummies
  3 adders
  An ooze (D:3)
  2 worms
  A giant gecko (D:1)
  5 orcs (D:3)
  2 giant cockroaches
  4 hobgoblins
  6 jackals
  10 kobolds
  3 quokkas
  2 ball pythons (D:3)
  11 bats
  3 giant newts
  7 goblins
  A kobold zombie (D:4)
  An orc zombie (D:4)
  5 rats
73 creatures vanquished.

Notes
Turn   | Place    | Note
--------------------------------------------------------------
     0 | D:1      | TruthSerum the Ogre Berserker began the quest for the Orb.
     0 | D:1      | Reached XP level 1. HP: 24/24 MP: 1/1
   264 | D:1      | Reached XP level 2. HP: 22/33 MP: 2/2
   988 | D:2      | Acquired Trog's second power
  1060 | D:2      | Reached XP level 3. HP: 40/40 MP: 3/3
  1246 | D:2      | Reached skill level 1 in Throwing
  1252 | D:2      | Found a shattered altar of Ashenzari.
  1391 | D:2      | Reached XP level 4. HP: 47/49 MP: 4/4
  1556 | D:2      | Reached skill level 5 in Maces & Flails
  1848 | D:3      | Noticed CuntPokingMan's ghost (average MiMo)
  1869 | D:3      | Killed CuntPokingMan's ghost
  1869 | D:3      | Reached skill level 5 in Fighting
  1869 | D:3      | Reached skill level 6 in Maces & Flails
  1869 | D:3      | Reached XP level 5. HP: 41/57 MP: 5/5
  2179 | D:3      | Noticed a giant frog
  2191 | D:3      | Killed a giant frog
  2191 | D:3      | Reached XP level 6. HP: 53/66 MP: 6/6
  2397 | D:3      | Found a faded altar to an unknown god.
  2748 | D:3      | Found a radiant altar of Vehumet.
  2748 | D:3      | Found a burning altar of Makhleb.
  2771 | D:3      | Reached skill level 7 in Maces & Flails
  2933 | D:4      | Found a sand-covered staircase.
  2948 | Ossuary  | Entered an ossuary
  2962 | Ossuary  | Slain by a mummy

Vault maps used:
D:1:      saegor_arrival_simple_f, serial_bayou_lagoon_a
D:2:      ashenzari_conservatory_becter
D:3:      grunt_temple_overflow_lords_of_destruction, ecumenical_altar_2,
          serial_bayou_crossing
D:4:      okawaru_ov_weapons_minmay, minmay_temple_entry_statues_fountains,
          nicolae_ossuary_entry_giza, minmay_cupped, uniq_edmund
Ossuary:  ossuary_minmay_chase

Action                   |  1- 3 |  4- 6 || total
-------------------------+-------+-------++-------
Melee: Whip              |   110 |   146 ||   256
       Mace              |     2 |       ||     2
Throw: Stone             |     2 |    13 ||    15
Invok: Berserk           |       |     2 ||     2
  Use: Scroll            |     6 |     3 ||     9
 Stab: Sleeping          |     2 |       ||     2
       Distracted        |     1 |       ||     1
  Eat: Chunk             |     2 |     5 ||     7
